Stars vs Ducks
Created - December 29, 2024 at 19:46
Goals
|
| Stars |
0 |
0 |
1 |
1 |
| Ducks |
3 |
2 |
2 |
7 |
|
Shots
|
| Stars |
9 |
7 |
11 |
27 |
| Ducks |
11 |
4 |
16 |
31 |
|
1st period
1. Ducks , Carter Verhaeghe 7 (Marcus Kruger 3, Chris Bigras 1) at 9:12
2. Ducks , Jimmy Vesey 5 (Kris Versteeg 4) at 18:22
3. Ducks , Cody Eakin 9 (Brian Dumoulin 8, Johnny Gaudreau 13) at 19:30 (PP)
Penalties :
Henrik Borgstrom (Dal) for Interference (Minor) at 19:17
2nd period
4. Ducks , Johnny Gaudreau 10 (Cody Eakin 11) at 1:17
5. Ducks , Alexandre Grenier 3 (Sam Gagner 5, Kevin Shattenkirk 18) at 6:45
Penalties :
Cam Atkinson (Dal) for Interference (Minor) at 2:24, Jesse Puljujarvi (Ana) for Roughing (Double Minor) at 10:43
3rd period
6. Ducks , Kevin Shattenkirk 5 (Johnny Gaudreau 14, Cody Eakin 12) at 3:22 (PP)
7. Ducks , Marcus Kruger 10 (Chris Bigras 2, Mike Richards 2) at 9:00
8. Stars , Sidney Crosby 15 (Jake Guentzel 20) at 12:21
Penalties :
Brian Lee (Dal) for Diving (Minor) at 3:19, Sidney Crosby (Dal) for Interference (Minor) at 12:45
Goalie Stats
Matt Murray (Dal), 8 saves from 12 shots - (0.667), L, 10-9-3, 21:17 minutes
Michael Houser (Dal), 16 saves from 19 shots - (0.842), 38:43 minutes
Michal Neuvirth (Ana), 26 saves from 27 shots - (0.963), W, 10-8-2, 60:00 minutes
Players Stats for Stars
Player Name G A P +/- PIM S H SB GA TA FO MP PP MP PK MP
------------------------------------------------------------------------------------
Adam Tambellini 0 0 0 0 0 0 1 0 0 0 0/0 9:30 0:47 1:22
Alex Chiasson 0 0 0 0 0 1 0 0 0 0 0/0 19:20 1:40 0:00
Andrej Sustr 0 0 0 0 0 1 1 1 1 0 0/0 27:08 1:10 2:33
Anton Cederholm 0 0 0 -2 0 0 0 0 0 0 0/0 13:21 0:37 0:00
Ben Chiarot 0 0 0 -2 0 1 1 1 0 0 0/0 19:16 2:12 1:41
Brian Lee 0 0 0 -2 2 0 0 0 0 0 0/0 13:05 0:37 0:00
Cam Atkinson 0 0 0 -4 2 0 1 0 1 2 1/1 15:56 1:33 0:00
Evgeny Grachev 0 0 0 -4 0 5 1 0 0 0 9/14 16:59 1:33 1:25
Evgeny Kuznetsov 0 0 0 0 0 0 1 0 0 0 2/3 13:10 0:19 0:24
Guillaume Latendresse 0 0 0 -4 0 1 0 0 0 0 0/2 16:13 1:33 0:33
Henrik Borgstrom 0 0 0 0 2 2 1 0 0 1 0/0 7:06 0:00 0:00
Ilya Mikheyev 0 0 0 0 0 2 2 1 1 0 0/0 7:58 0:42 0:00
Jake Guentzel 0 1 1 0 0 5 0 1 1 0 1/1 22:06 1:35 2:19
Paul Ladue 0 0 0 0 0 3 0 1 0 2 0/0 27:08 1:10 2:33
Scott Kosmachuck 0 0 0 0 0 1 0 0 0 0 2/2 12:27 0:00 0:00
Sidney Crosby 1 0 1 0 2 4 0 0 0 1 18/36 20:51 1:39 1:13
Tobias Rieder 0 0 0 0 0 0 1 0 0 0 1/1 14:52 0:36 1:12
Tyler Wotherspoon 0 0 0 -2 0 1 0 1 0 1 0/0 19:16 2:12 1:41
Players Stats for Ducks
Player Name G A P +/- PIM S H SB GA TA FO MP PP MP PK MP
------------------------------------------------------------------------------------
Alexandre Grenier 1 0 1 1 0 3 0 1 0 0 0/0 9:54 0:01 0:00
Brian Dumoulin 0 1 1 0 0 0 1 2 0 0 0/0 24:07 1:42 1:47
Carter Verhaeghe 1 0 1 1 0 1 0 0 1 0 0/0 11:10 1:54 0:00
Chris Bigras 0 2 2 1 0 0 0 0 0 0 0/0 12:57 0:00 0:46
Cody Eakin 1 2 3 1 0 3 0 0 0 2 11/22 19:59 2:19 1:19
Jesse Puljujarvi 0 0 0 1 4 1 2 0 0 0 1/1 18:47 2:19 0:00
Jimmy Vesey 1 0 1 1 0 4 2 0 0 0 0/0 17:35 0:00 1:17
Johnny Gaudreau 1 2 3 1 0 6 0 1 2 1 0/1 20:22 2:20 1:35
Justin Schultz 0 0 0 2 0 1 1 1 1 0 0/0 19:06 1:42 1:26
Kevin Shattenkirk 1 1 2 1 0 4 5 1 2 0 0/0 26:55 2:32 0:46
Kris Versteeg 0 1 1 1 0 1 1 0 0 0 1/2 16:18 0:00 0:00
Marcus Kruger 1 1 2 1 0 2 1 0 0 0 0/0 11:10 1:54 0:00
Mike Richards 0 1 1 1 0 0 0 0 0 0 3/6 11:09 0:01 1:31
Noah Hanifin 0 0 0 3 0 0 2 0 0 0 0/0 23:18 2:32 1:47
Sam Gagner 0 1 1 1 0 2 2 0 1 0 0/0 10:48 0:00 1:02
Tomas Nosek 0 0 0 1 0 0 2 0 0 1 8/25 17:48 1:54 0:00
Travis Zajac 0 0 0 1 0 3 0 1 0 0 2/3 11:00 0:00 1:14
Viktor Loov 0 0 0 1 0 0 1 0 0 0 0/0 13:37 0:00 1:26
3 Stars
1 - Kevin Shattenkirk (Ana)
2 - Johnny Gaudreau (Ana)
3 - Cody Eakin (Ana)
Power Play
Stars - 0 on 2 Attempt(s) - 0.00%
Ducks - 2 on 4 Attempt(s) - 50.00%
Penalty Kill
Stars - 2 on 4 Attempt(s) - 50.00%
- Score 0 goal in Penalty Kill
Ducks - 2 on 2 Attempt(s) - 100.00%
- Score 0 goal in Penalty Kill
Team Stat
Stars - Hits : 10 - Faceoff Wins : 34 - Blocked Shots : 6 - Penalty Minutes : 8
Ducks - Hits : 20 - Faceoff Wins : 26 - Blocked Shots : 7 - Penalty Minutes : 4
Official
Referees : Dan O'Rourke and Gord Dwyer
Linesman : Brandon Gawryletz and Kory Nagy
Game Notes
Michael Houser enters game at 1:17 of 2nd period
Finance
Level 1 -- Attendance: 5218 (86.97%) -- Ticket Income $521,800
Level 2 -- Attendance: 4886 (97.72%) -- Ticket Income $342,020
Level 3 -- Attendance: 1782 (89.10%) -- Ticket Income $71,280
Level 4 -- Attendance: 3636 (90.90%) -- Ticket Income $109,080
Luxury Box -- Attendance: 940 (94.00%) -- Ticket Income $188,000
Game was played at the Arrow head pond.
Total Attendance: 16462 (91.46%)
Total Ticket Income: $1,232,180
Other Income: $184,827
Total Income: $1,417,007
Stars
5 vs 5 Forward
Center Left Wing Right Wing Time % Phy DF OF
1 Sidney Crosby Jake Guentzel Alex Chiasson 40 1 2 2
2 Evgeny Grachev Guillaume Latendresse Cam Atkinson 30 1 2 2
3 Evgeny Kuznetsov Tobias Rieder Scott Kosmachuck 20 1 2 2
4 Henrik Borgstrom Adam Tambellini Ilya Mikheyev 10 1 2 2
5 vs 5 Defense
Defense Defense Time % Phy DF OF
1 Andrej Sustr Paul Ladue 40 1 2 2
2 Ben Chiarot Tyler Wotherspoon 30 1 2 2
3 Anton Cederholm Brian Lee 20 1 2 2
4 Andrej Sustr Paul Ladue 10 1 2 2
PowerPlay Forward
Center Left Wing Right Wing Time % Phy DF OF
1 Sidney Crosby Jake Guentzel Alex Chiasson 60 1 2 2
2 Evgeny Grachev Guillaume Latendresse Cam Atkinson 40 1 2 2
PowerPlay Defense
Defense Defense Time % Phy DF OF
1 Andrej Sustr Paul Ladue 60 1 2 2
2 Ben Chiarot Tyler Wotherspoon 40 1 2 2
Penalty Kill 4 Players Forward
Center Wing Time % Phy DF OF
1 Sidney Crosby Jake Guentzel 60 1 2 2
2 Evgeny Grachev Guillaume Latendresse 40 1 2 2
Penalty Kill 4 Players Defense
Defense Defense Time % Phy DF OF
1 Andrej Sustr Paul Ladue 60 1 2 2
2 Ben Chiarot Tyler Wotherspoon 40 1 2 2
Penalty Kill - 3 Players Forward
Forward Time % Phy DF OF
1 Sidney Crosby 60 1 2 2
2 Evgeny Grachev 40 1 2 2
Penalty Kill - 3 Players Defense
Defense Defense Time % Phy DF OF
1 Andrej Sustr Paul Ladue 60 1 2 2
2 Ben Chiarot Tyler Wotherspoon 40 1 2 2
4 vs 4 Forward
Center Wing Time % Phy DF OF
1 Sidney Crosby Jake Guentzel 60 1 2 2
2 Evgeny Grachev Guillaume Latendresse 40 1 2 2
4 vs 4 Defense
Defense Defense Time % Phy DF OF
1 Andrej Sustr Paul Ladue 60 1 2 2
2 Ben Chiarot Tyler Wotherspoon 40 1 2 2
Last Minutes Offensive
Center Left Wing Right Wing Defense Defense
Sidney Crosby Jake Guentzel Alex Chiasson Andrej Sustr Paul Ladue
Last Minutes Defensive
Center Left Wing Right Wing Defense Defense
Sidney Crosby Jake Guentzel Alex Chiasson Andrej Sustr Paul Ladue
Goaltenders
Starting : Matt Murray
Backup : Michael Houser
Extra Forwards
Normal : Tobias Rieder, Evgeny Grachev, Cam Atkinson - PP : Tobias Rieder, Evgeny Grachev - PK : Tobias Rieder
Extra Defensemen
Normal : Tyler Wotherspoon, Anton Cederholm, Brian Lee - PP : Tyler Wotherspoon - PK : Tyler Wotherspoon, Anton Cederholm
Penalty Shots
Sidney Crosby, Jake Guentzel, Guillaume Latendresse, Alex Chiasson, Tobias Rieder
Custom OT Lines Forwards
Sidney Crosby, Jake Guentzel, Guillaume Latendresse, Alex Chiasson, Tobias Rieder, Evgeny Grachev, Cam Atkinson, Scott Kosmachuck, Ilya Mikheyev, Evgeny Kuznetsov
Custom OT Lines Defensemen
Andrej Sustr, Paul Ladue, Ben Chiarot, Tyler Wotherspoon, Anton Cederholm
Scratches
Michael Grabner (Strained Back Injury), Wiley Sherman (Healthy)
Ducks
5 vs 5 Forward
Center Left Wing Right Wing Time % Phy DF OF
1 Cody Eakin Johnny Gaudreau Jesse Puljujarvi 35 0 2 3
2 Tomas Nosek Jimmy Vesey Kris Versteeg 35 0 2 3
3 Mike Richards Carter Verhaeghe Marcus Kruger 20 0 2 3
4 Travis Zajac Sam Gagner Alexandre Grenier 10 0 2 3
5 vs 5 Defense
Defense Defense Time % Phy DF OF
1 Kevin Shattenkirk Brian Dumoulin 40 0 2 3
2 Noah Hanifin Justin Schultz 30 3 1 1
3 Viktor Loov Chris Bigras 20 3 1 1
4 Kevin Shattenkirk Noah Hanifin 10 4 1 0
PowerPlay Forward
Center Left Wing Right Wing Time % Phy DF OF
1 Cody Eakin Johnny Gaudreau Jesse Puljujarvi 60 0 1 4
2 Tomas Nosek Carter Verhaeghe Marcus Kruger 40 0 1 4
PowerPlay Defense
Defense Defense Time % Phy DF OF
1 Kevin Shattenkirk Noah Hanifin 60 0 1 4
2 Brian Dumoulin Justin Schultz 40 0 1 4
Penalty Kill 4 Players Forward
Center Wing Time % Phy DF OF
1 Mike Richards Johnny Gaudreau 60 1 2 2
2 Travis Zajac Sam Gagner 40 1 2 2
Penalty Kill 4 Players Defense
Defense Defense Time % Phy DF OF
1 Brian Dumoulin Noah Hanifin 60 1 2 2
2 Justin Schultz Viktor Loov 40 1 2 2
Penalty Kill - 3 Players Forward
Forward Time % Phy DF OF
1 Cody Eakin 60 0 3 2
2 Mike Richards 40 0 3 2
Penalty Kill - 3 Players Defense
Defense Defense Time % Phy DF OF
1 Kevin Shattenkirk Chris Bigras 60 0 3 2
2 Justin Schultz Viktor Loov 40 0 3 2
4 vs 4 Forward
Center Wing Time % Phy DF OF
1 Travis Zajac Johnny Gaudreau 60 0 2 3
2 Mike Richards Jimmy Vesey 40 0 2 3
4 vs 4 Defense
Defense Defense Time % Phy DF OF
1 Kevin Shattenkirk Chris Bigras 60 0 2 3
2 Viktor Loov Noah Hanifin 40 0 2 3
Last Minutes Offensive
Center Left Wing Right Wing Defense Defense
Cody Eakin Johnny Gaudreau Marcus Kruger Kevin Shattenkirk Noah Hanifin
Last Minutes Defensive
Center Left Wing Right Wing Defense Defense
Cody Eakin Johnny Gaudreau Kris Versteeg Brian Dumoulin Noah Hanifin
Goaltenders
Starting : Michal Neuvirth
Backup : Marek Mazanek
Extra Forwards
Normal : Cody Eakin, Carter Verhaeghe, Jesse Puljujarvi - PP : Cody Eakin, Carter Verhaeghe - PK : Cody Eakin
Extra Defensemen
Normal : Justin Schultz, Noah Hanifin, Brian Dumoulin - PP : Noah Hanifin - PK : Noah Hanifin, Brian Dumoulin
Penalty Shots
Johnny Gaudreau, Jimmy Vesey, Sam Gagner, Marcus Kruger, Cody Eakin
Custom OT Lines Forwards
Johnny Gaudreau, Jimmy Vesey, Sam Gagner, Marcus Kruger, Cody Eakin, Carter Verhaeghe, Mike Richards, Kris Versteeg, Travis Zajac, Alexandre Grenier
Custom OT Lines Defensemen
Kevin Shattenkirk, Noah Hanifin, Justin Schultz, Chris Bigras, Brian Dumoulin
Scratches
Brandon Pirri (Healthy), Corban Knight (Healthy), Nikita Zaitsev (Torso Injury)
% Time on Ice - Stars
Lines # - Real PCT - Wanted PCT - Time Play
Normal Forward
1 - 35% - 40% - 18:12
2 - 27% - 30% - 14:01
3 - 24% - 20% - 12:27
4 - 14% - 10% - 7:07
Normal Defense
1 - 40% - 40% - 20:43
2 - 30% - 30% - 15:23
3 - 25% - 20% - 12:50
4 - 6% - 10% - 2:51
PP Forward
1 - 61% - 60% - 2:26
2 - 39% - 40% - 1:33
PP Defense
1 - 45% - 60% - 1:47
2 - 55% - 40% - 2:12
PK Forward
1 - 89% - 60% - 3:47
2 - 11% - 40% - 0:27
PK Defense
1 - 60% - 60% - 2:33
2 - 40% - 40% - 1:41
PK3 Forward
1 - 0% - 60%
2 - 0% - 40%
PK3 Defense
1 - 0% - 60%
2 - 0% - 40%
44 Forward
1 - 0% - 60%
2 - 0% - 40%
44 Defense
1 - 0% - 60%
2 - 0% - 40%
Last Minute Offensive - 0:00
Last Minute Defensive - 0:00
Total
Forward - 60:00
Defense - 60:00
|
% Time on Ice - Ducks
Lines # - Real PCT - Wanted PCT - Time Play
Normal Forward
1 - 32% - 35% - 16:27
2 - 31% - 35% - 16:18
3 - 18% - 20% - 9:16
4 - 19% - 10% - 9:46
Normal Defense
1 - 38% - 40% - 19:30
2 - 30% - 30% - 15:33
3 - 24% - 20% - 12:11
4 - 9% - 10% - 4:33
PP Forward
1 - 55% - 60% - 2:20
2 - 45% - 40% - 1:54
PP Defense
1 - 60% - 60% - 2:32
2 - 40% - 40% - 1:42
PK Forward
1 - 80% - 60% - 3:11
2 - 20% - 40% - 0:48
PK Defense
1 - 64% - 60% - 2:33
2 - 36% - 40% - 1:26
PK3 Forward
1 - 0% - 60%
2 - 0% - 40%
PK3 Defense
1 - 0% - 60%
2 - 0% - 40%
44 Forward
1 - 0% - 60%
2 - 0% - 40%
44 Defense
1 - 0% - 60%
2 - 0% - 40%
Last Minute Offensive - 0:00
Last Minute Defensive - 0:00
Total
Forward - 60:00
Defense - 60:00
|
Play-by-Play
1st period
0:01 of 1st period - Cody Eakin wins face-off versus Sidney Crosby in neutral zone.
0:05 of 1st period - Off-side.
0:06 of 1st period - Sidney Crosby wins face-off versus Cody Eakin in neutral zone.
0:09 of 1st period - Snap shot by Jake Guentzel.
0:09 of 1st period - Stopped by Michal Neuvirth with a rebound.
0:17 of 1st period - Andrej Sustr is hit by Kevin Shattenkirk.
0:56 of 1st period - Snap shot by Kevin Shattenkirk.
0:56 of 1st period - Stopped by Matt Murray with a rebound.
0:58 of 1st period - Wrist shot by Cody Eakin.
0:58 of 1st period - Shot Misses the Net.
1:18 of 1st period - Snap shot by Johnny Gaudreau.
1:18 of 1st period - Deflect By Cody Eakin.
1:18 of 1st period - Shot Misses the Net.
1:18 of 1st period - Puck is out of play.
1:19 of 1st period - Evgeny Grachev wins face-off versus Tomas Nosek in Stars zone.
1:19 of 1st period - Evgeny Grachev is hit by Kris Versteeg.
1:53 of 1st period - Wrist shot by Scott Kosmachuck.
1:53 of 1st period - Stopped by Michal Neuvirth without a rebound.
1:54 of 1st period - Evgeny Kuznetsov wins face-off versus Travis Zajac in Ducks zone.
2:40 of 1st period - Chris Bigras is hit by Evgeny Kuznetsov and loses puck.
4:21 of 1st period - Slapshot by Sam Gagner.
4:21 of 1st period - Stopped by Matt Murray without a rebound.
4:22 of 1st period - Evgeny Grachev wins face-off versus Tomas Nosek in Stars zone.
4:25 of 1st period - Snap shot by Kris Versteeg.
4:25 of 1st period - Shot Misses the Net.
4:29 of 1st period - Snap shot by Jimmy Vesey.
4:29 of 1st period - Stopped by Matt Murray without a rebound.
4:30 of 1st period - Evgeny Grachev wins face-off versus Tomas Nosek in Stars zone.
4:36 of 1st period - Off-side.
4:37 of 1st period - Evgeny Grachev wins face-off versus Tomas Nosek in neutral zone.
4:46 of 1st period - Wrist shot by Evgeny Grachev.
4:46 of 1st period - Deflect By Jimmy Vesey.
4:46 of 1st period - Stopped by Michal Neuvirth with a rebound.
4:48 of 1st period - Slapshot by Ben Chiarot.
4:48 of 1st period - Stopped by Michal Neuvirth without a rebound.
4:49 of 1st period - Mike Richards wins face-off versus Sidney Crosby in Ducks zone.
5:46 of 1st period - Johnny Gaudreau is hit by Henrik Borgstrom and loses puck.
5:51 of 1st period - Slapshot by Henrik Borgstrom.
5:51 of 1st period - Shot Misses the Net.
6:36 of 1st period - Icing by Evgeny Grachev.
6:37 of 1st period - Cody Eakin wins face-off versus Sidney Crosby in Stars zone.
6:40 of 1st period - Slapshot by Cody Eakin.
6:40 of 1st period - Stopped by Matt Murray with a rebound.
7:04 of 1st period - Cam Atkinson is hit by Tomas Nosek and loses puck.
7:33 of 1st period - Snap shot by Adam Tambellini.
7:33 of 1st period - Shot Misses the Net.
7:35 of 1st period - Slapshot by Paul Ladue.
7:35 of 1st period - Stopped by Michal Neuvirth without a rebound.
7:36 of 1st period - Mike Richards wins face-off versus Sidney Crosby in Ducks zone.
8:02 of 1st period - Paul Ladue is hit by Noah Hanifin and loses puck.
9:04 of 1st period - Snap shot by Mike Richards.
9:04 of 1st period - Shot Blocked by Tyler Wotherspoon.
9:12 of 1st period - Backhand shot by Carter Verhaeghe.
9:12 of 1st period - Goal by Carter Verhaeghe - Stars : 0 - Ducks : 1.
9:13 of 1st period - Sidney Crosby wins face-off versus Tomas Nosek in neutral zone.
9:29 of 1st period - Off-side.
9:30 of 1st period - Evgeny Grachev wins face-off versus Cody Eakin in neutral zone.
10:00 of 1st period - Sidney Crosby is hit by Kevin Shattenkirk and loses puck.
10:05 of 1st period - Slapshot by Kris Versteeg.
10:05 of 1st period - Stopped by Matt Murray without a rebound.
10:06 of 1st period - Evgeny Grachev wins face-off versus Tomas Nosek in Stars zone.
10:40 of 1st period - Snap shot by Jake Guentzel.
10:40 of 1st period - Stopped by Michal Neuvirth with a rebound.
10:42 of 1st period - Wrist shot by Alex Chiasson.
10:42 of 1st period - Stopped by Michal Neuvirth with a rebound.
12:10 of 1st period - Viktor Loov is hit by Ilya Mikheyev and loses puck.
12:50 of 1st period - Cam Atkinson is hit by Jesse Puljujarvi and loses puck.
12:59 of 1st period - Snap shot by Cody Eakin.
12:59 of 1st period - Shot Blocked by Andrej Sustr.
13:20 of 1st period - Sidney Crosby is hit by Marcus Kruger and loses puck.
13:24 of 1st period - Icing by Andrej Sustr.
13:25 of 1st period - Sidney Crosby wins face-off versus Cody Eakin in Stars zone.
13:36 of 1st period - Snap shot by Johnny Gaudreau.
13:36 of 1st period - Stopped by Matt Murray without a rebound.
13:37 of 1st period - Kris Versteeg wins face-off versus Evgeny Grachev in Stars zone.
13:50 of 1st period - Slapshot by Evgeny Grachev.
13:50 of 1st period - Stopped by Michal Neuvirth without a rebound.
13:51 of 1st period - Cody Eakin wins face-off versus Sidney Crosby in Ducks zone.
13:59 of 1st period - Off-side.
14:00 of 1st period - Sidney Crosby wins face-off versus Cody Eakin in neutral zone.
14:47 of 1st period - Wrist shot by Johnny Gaudreau.
14:47 of 1st period - Deflect By Jesse Puljujarvi.
14:47 of 1st period - Stopped by Matt Murray without a rebound.
14:48 of 1st period - Tomas Nosek wins face-off versus Guillaume Latendresse in Stars zone.
15:01 of 1st period - Snap shot by Cam Atkinson.
15:01 of 1st period - Shot Misses the Net.
15:03 of 1st period - Wrist shot by Evgeny Grachev.
15:03 of 1st period - Stopped by Michal Neuvirth with a rebound.
15:13 of 1st period - Noah Hanifin is hit by Adam Tambellini and loses puck.
15:38 of 1st period - Slapshot by Justin Schultz.
15:38 of 1st period - Shot Misses the Net.
15:40 of 1st period - Wrist shot by Alexandre Grenier.
15:40 of 1st period - Stopped by Matt Murray with a rebound.
15:42 of 1st period - Slapshot by Alexandre Grenier.
15:42 of 1st period - Shot Misses the Net.
16:18 of 1st period - Jake Guentzel is hit by Jesse Puljujarvi and loses puck.
16:44 of 1st period - Backhand shot by Carter Verhaeghe.
16:44 of 1st period - Shot Misses the Net.
17:18 of 1st period - Wrist shot by Scott Kosmachuck.
17:18 of 1st period - Shot Misses the Net.
18:17 of 1st period - Guillaume Latendresse is hit by Brian Dumoulin and loses puck.
18:22 of 1st period - Snap shot by Jimmy Vesey.
18:22 of 1st period - Goal by Jimmy Vesey - Stars : 0 - Ducks : 2.
18:23 of 1st period - Sidney Crosby wins face-off versus Tomas Nosek in neutral zone.
18:32 of 1st period - Slapshot by Jake Guentzel.
18:32 of 1st period - Shot Misses the Net.
18:54 of 1st period - Wrist shot by Guillaume Latendresse.
18:54 of 1st period - Shot Misses the Net.
18:56 of 1st period - Slapshot by Paul Ladue.
18:56 of 1st period - Shot Blocked by Johnny Gaudreau.
18:58 of 1st period - Snap shot by Cam Atkinson.
18:58 of 1st period - Shot Misses the Net.
19:17 of 1st period - Minor Penalty to Henrik Borgstrom for Interference.
19:18 of 1st period - Sidney Crosby wins face-off versus Cody Eakin in Stars zone.
19:24 of 1st period - Wrist shot by Cody Eakin.
19:24 of 1st period - Deflect By Johnny Gaudreau.
19:24 of 1st period - Shot Misses the Net.
19:24 of 1st period - Puck is out of play.
19:25 of 1st period - Cody Eakin wins face-off versus Sidney Crosby in Stars zone.
19:28 of 1st period - Snap shot by Johnny Gaudreau.
19:28 of 1st period - Shot Misses the Net.
19:30 of 1st period - Slapshot by Brian Dumoulin.
19:30 of 1st period - Deflect By Cody Eakin.
19:30 of 1st period - Goal by Cody Eakin - Stars : 0 - Ducks : 3.
19:31 of 1st period - Tomas Nosek wins face-off versus Sidney Crosby in neutral zone.
Goals for this period are 0 for Stars vs 3 for Ducks.
Shots for this period are 9 for Stars vs 11 for Ducks.
2nd period
0:01 of 2nd period - Tomas Nosek wins face-off versus Sidney Crosby in neutral zone.
1:17 of 2nd period - Snap shot by Johnny Gaudreau.
1:17 of 2nd period - Goal by Johnny Gaudreau - Stars : 0 - Ducks : 4.
1:17 of 2nd period - Michael Houser enters game.
1:18 of 2nd period - Sidney Crosby wins face-off versus Tomas Nosek in neutral zone.
1:21 of 2nd period - Wrist shot by Sidney Crosby.
1:21 of 2nd period - Stopped by Michal Neuvirth without a rebound.
1:22 of 2nd period - Jake Guentzel wins face-off versus Tomas Nosek in Ducks zone.
1:35 of 2nd period - Snap shot by Jake Guentzel.
1:35 of 2nd period - Stopped by Michal Neuvirth without a rebound.
1:36 of 2nd period - Sidney Crosby wins face-off versus Tomas Nosek in Ducks zone.
1:39 of 2nd period - Snap shot by Sidney Crosby.
1:39 of 2nd period - Stopped by Michal Neuvirth without a rebound.
1:40 of 2nd period - Tomas Nosek wins face-off versus Sidney Crosby in Ducks zone.
1:57 of 2nd period - Wrist shot by Jimmy Vesey.
1:57 of 2nd period - Shot Misses the Net.
2:24 of 2nd period - Minor Penalty to Cam Atkinson for Interference.
2:25 of 2nd period - Sidney Crosby wins face-off versus Cody Eakin in Stars zone.
3:31 of 2nd period - Wrist shot by Evgeny Grachev.
3:31 of 2nd period - Shot Misses the Net.
4:24 of 2nd period - Penalty to Cam Atkinson is over, Cam Atkinson is back on ice.
5:11 of 2nd period - Chris Bigras is hit by Ilya Mikheyev and loses puck.
6:29 of 2nd period - Wrist shot by Henrik Borgstrom.
6:29 of 2nd period - Stopped by Michal Neuvirth without a rebound.
6:30 of 2nd period - Travis Zajac wins face-off versus Evgeny Grachev in Ducks zone.
6:45 of 2nd period - Slapshot by Alexandre Grenier.
6:45 of 2nd period - Goal by Alexandre Grenier - Stars : 0 - Ducks : 5.
6:46 of 2nd period - Cody Eakin wins face-off versus Sidney Crosby in neutral zone.
7:44 of 2nd period - Marcus Kruger is hit by Ben Chiarot and loses puck.
8:05 of 2nd period - Wrist shot by Travis Zajac.
8:05 of 2nd period - Stopped by Michael Houser without a rebound.
8:06 of 2nd period - Cody Eakin wins face-off versus Sidney Crosby in Stars zone.
8:13 of 2nd period - Snap shot by Jesse Puljujarvi.
8:13 of 2nd period - Shot Misses the Net.
8:15 of 2nd period - Slapshot by Justin Schultz.
8:15 of 2nd period - Shot Blocked by Jake Guentzel.
8:19 of 2nd period - Snap shot by Johnny Gaudreau.
8:19 of 2nd period - Stopped by Michael Houser without a rebound.
8:20 of 2nd period - Sidney Crosby wins face-off versus Tomas Nosek in Stars zone.
8:55 of 2nd period - Wrist shot by Evgeny Grachev.
8:55 of 2nd period - Stopped by Michal Neuvirth with a rebound.
10:19 of 2nd period - Icing by Cam Atkinson.
10:20 of 2nd period - Evgeny Grachev wins face-off versus Tomas Nosek in Stars zone.
10:27 of 2nd period - Kris Versteeg is hit by Evgeny Grachev and loses puck.
10:36 of 2nd period - Snap shot by Evgeny Grachev.
10:36 of 2nd period - Deflect By Guillaume Latendresse.
10:36 of 2nd period - Stopped by Michal Neuvirth without a rebound.
10:37 of 2nd period - Sidney Crosby wins face-off versus Cody Eakin in Ducks zone.
10:43 of 2nd period - Double Minor Penalty to Jesse Puljujarvi for Roughing.
10:44 of 2nd period - Sidney Crosby wins face-off versus Mike Richards in Ducks zone.
14:43 of 2nd period - Penalty to Jesse Puljujarvi is over, Jesse Puljujarvi is back on ice.
15:03 of 2nd period - Alexandre Grenier is hit by Tobias Rieder and loses puck.
15:22 of 2nd period - Guillaume Latendresse is hit by Viktor Loov and loses puck.
15:43 of 2nd period - Alex Chiasson is hit by Tomas Nosek and loses puck.
16:44 of 2nd period - Slapshot by Justin Schultz.
16:44 of 2nd period - Shot Misses the Net.
17:24 of 2nd period - Evgeny Kuznetsov is hit by Justin Schultz and loses puck.
17:37 of 2nd period - Evgeny Kuznetsov is hit by Sam Gagner and loses puck.
18:04 of 2nd period - Snap shot by Evgeny Kuznetsov.
18:04 of 2nd period - Shot Misses the Net.
18:06 of 2nd period - Slapshot by Paul Ladue.
18:06 of 2nd period - Stopped by Michal Neuvirth without a rebound.
18:07 of 2nd period - Jesse Puljujarvi wins face-off versus Sidney Crosby in Ducks zone.
18:38 of 2nd period - Anton Cederholm is hit by Jimmy Vesey and loses puck.
18:57 of 2nd period - Ilya Mikheyev is hit by Sam Gagner and loses puck.
19:04 of 2nd period - Snap shot by Sam Gagner.
19:04 of 2nd period - Shot Blocked by Ilya Mikheyev.
19:20 of 2nd period - Tyler Wotherspoon is hit by Kevin Shattenkirk.
Goals for this period are 0 for Stars vs 2 for Ducks.
Shots for this period are 7 for Stars vs 4 for Ducks.
3rd period
0:01 of 3rd period - Cody Eakin wins face-off versus Sidney Crosby in neutral zone.
0:12 of 3rd period - Wrist shot by Alex Chiasson.
0:12 of 3rd period - Deflect By Sidney Crosby.
0:12 of 3rd period - Shot Misses the Net.
0:12 of 3rd period - Puck is out of play.
0:13 of 3rd period - Cody Eakin wins face-off versus Sidney Crosby in Ducks zone.
0:47 of 3rd period - Snap shot by Kris Versteeg.
0:47 of 3rd period - Shot Misses the Net.
1:17 of 3rd period - Ben Chiarot is hit by Noah Hanifin and loses puck.
1:34 of 3rd period - Snap shot by Johnny Gaudreau.
1:34 of 3rd period - Shot Misses the Net.
2:14 of 3rd period - Wrist shot by Sam Gagner.
2:14 of 3rd period - Stopped by Michael Houser without a rebound.
2:15 of 3rd period - Travis Zajac wins face-off versus Sidney Crosby in Stars zone.
2:46 of 3rd period - Wrist shot by Travis Zajac.
2:46 of 3rd period - Stopped by Michael Houser with a rebound.
2:48 of 3rd period - Snap shot by Sam Gagner.
2:48 of 3rd period - Shot Misses the Net.
2:50 of 3rd period - Slapshot by Chris Bigras.
2:50 of 3rd period - Deflect By Travis Zajac.
2:50 of 3rd period - Stopped by Michael Houser with a rebound.
2:52 of 3rd period - Slapshot by Alexandre Grenier.
2:52 of 3rd period - Stopped by Michael Houser with a rebound.
3:04 of 3rd period - Wrist shot by Sam Gagner.
3:04 of 3rd period - Shot Misses the Net.
3:19 of 3rd period - Minor Penalty to Brian Lee for Diving.
3:20 of 3rd period - Cody Eakin wins face-off versus Sidney Crosby in Stars zone.
3:22 of 3rd period - Slapshot by Kevin Shattenkirk.
3:22 of 3rd period - Deflect By Andrej Sustr.
3:22 of 3rd period - Goal by Kevin Shattenkirk - Stars : 0 - Ducks : 6.
3:23 of 3rd period - Sidney Crosby wins face-off versus Cody Eakin in neutral zone.
3:28 of 3rd period - Wrist shot by Jake Guentzel.
3:28 of 3rd period - Shot Blocked by Kevin Shattenkirk.
3:40 of 3rd period - Snap shot by Johnny Gaudreau.
3:40 of 3rd period - Stopped by Michael Houser with a rebound.
3:50 of 3rd period - Tomas Nosek is hit by Andrej Sustr.
4:01 of 3rd period - Snap shot by Evgeny Grachev.
4:01 of 3rd period - Deflect By Kris Versteeg.
4:01 of 3rd period - Shot Blocked by Justin Schultz.
4:01 of 3rd period - Puck is out of play.
4:02 of 3rd period - Scott Kosmachuck wins face-off versus Cody Eakin in Ducks zone.
4:53 of 3rd period - Slapshot by Guillaume Latendresse.
4:53 of 3rd period - Shot Misses the Net.
5:13 of 3rd period - Snap shot by Adam Tambellini.
5:13 of 3rd period - Shot Blocked by Travis Zajac.
5:15 of 3rd period - Snap shot by Tyler Wotherspoon.
5:15 of 3rd period - Stopped by Michal Neuvirth with a rebound.
5:17 of 3rd period - Slapshot by Ben Chiarot.
5:17 of 3rd period - Shot Blocked by Alexandre Grenier.
5:19 of 3rd period - Snap shot by Ilya Mikheyev.
5:19 of 3rd period - Stopped by Michal Neuvirth with a rebound.
5:30 of 3rd period - Off-side.
5:31 of 3rd period - Cody Eakin wins face-off versus Evgeny Kuznetsov in neutral zone.
5:48 of 3rd period - Snap shot by Cody Eakin.
5:48 of 3rd period - Stopped by Michael Houser with a rebound.
6:34 of 3rd period - Wrist shot by Tobias Rieder.
6:34 of 3rd period - Shot Hit the Post.
7:19 of 3rd period - Icing by Scott Kosmachuck.
7:20 of 3rd period - Evgeny Kuznetsov wins face-off versus Tomas Nosek in Stars zone.
7:27 of 3rd period - Slapshot by Andrej Sustr.
7:27 of 3rd period - Deflect By Jimmy Vesey.
7:27 of 3rd period - Stopped by Michal Neuvirth without a rebound.
7:28 of 3rd period - Sidney Crosby wins face-off versus Kris Versteeg in Ducks zone.
7:49 of 3rd period - Alex Chiasson is hit by Kevin Shattenkirk and loses puck.
8:48 of 3rd period - Wrist shot by Sidney Crosby.
8:48 of 3rd period - Stopped by Michal Neuvirth without a rebound.
8:49 of 3rd period - Mike Richards wins face-off versus Evgeny Grachev in Ducks zone.
8:58 of 3rd period - Wrist shot by Marcus Kruger.
8:58 of 3rd period - Shot Misses the Net.
9:00 of 3rd period - Wrist shot by Marcus Kruger.
9:00 of 3rd period - Goal by Marcus Kruger - Stars : 0 - Ducks : 7.
9:01 of 3rd period - Evgeny Grachev wins face-off versus Cody Eakin in neutral zone.
9:10 of 3rd period - Slapshot by Justin Schultz.
9:10 of 3rd period - Stopped by Michael Houser without a rebound.
9:11 of 3rd period - Cam Atkinson wins face-off versus Johnny Gaudreau in Stars zone.
9:14 of 3rd period - Snap shot by Johnny Gaudreau.
9:14 of 3rd period - Stopped by Michael Houser without a rebound.
9:15 of 3rd period - Sidney Crosby wins face-off versus Tomas Nosek in Stars zone.
9:20 of 3rd period - Wrist shot by Jake Guentzel.
9:20 of 3rd period - Shot Blocked by Brian Dumoulin.
9:22 of 3rd period - Wrist shot by Alex Chiasson.
9:22 of 3rd period - Shot Misses the Net.
9:24 of 3rd period - Backhand shot by Andrej Sustr.
9:24 of 3rd period - Shot Blocked by Brian Dumoulin.
9:26 of 3rd period - Snap shot by Alex Chiasson.
9:26 of 3rd period - Shot Misses the Net.
9:28 of 3rd period - Slapshot by Paul Ladue.
9:28 of 3rd period - Stopped by Michal Neuvirth without a rebound.
9:29 of 3rd period - Tomas Nosek wins face-off versus Sidney Crosby in Ducks zone.
10:12 of 3rd period - Jesse Puljujarvi is hit by Cam Atkinson and loses puck.
10:27 of 3rd period - Snap shot by Ilya Mikheyev.
10:27 of 3rd period - Stopped by Michal Neuvirth with a rebound.
10:53 of 3rd period - Wrist shot by Jake Guentzel.
10:53 of 3rd period - Stopped by Michal Neuvirth with a rebound.
10:55 of 3rd period - Wrist shot by Alex Chiasson.
10:55 of 3rd period - Shot Misses the Net.
10:57 of 3rd period - Wrist shot by Sidney Crosby.
10:57 of 3rd period - Shot Misses the Net.
10:59 of 3rd period - Wrist shot by Jake Guentzel.
10:59 of 3rd period - Shot Misses the Net.
11:01 of 3rd period - Slapshot by Ben Chiarot.
11:01 of 3rd period - Shot Misses the Net.
11:13 of 3rd period - Snap shot by Jimmy Vesey.
11:13 of 3rd period - Stopped by Michael Houser without a rebound.
11:14 of 3rd period - Scott Kosmachuck wins face-off versus Tomas Nosek in Stars zone.
11:40 of 3rd period - Scott Kosmachuck is hit by Jimmy Vesey and loses puck.
11:57 of 3rd period - Slapshot by Jimmy Vesey.
11:57 of 3rd period - Stopped by Michael Houser without a rebound.
11:58 of 3rd period - Sidney Crosby wins face-off versus Mike Richards in Stars zone.
12:07 of 3rd period - Wrist shot by Jake Guentzel.
12:07 of 3rd period - Stopped by Michal Neuvirth without a rebound.
12:08 of 3rd period - Sidney Crosby wins face-off versus Mike Richards in Ducks zone.
12:21 of 3rd period - Snap shot by Sidney Crosby.
12:21 of 3rd period - Goal by Sidney Crosby - Stars : 1 - Ducks : 7.
12:22 of 3rd period - Tomas Nosek wins face-off versus Sidney Crosby in neutral zone.
12:35 of 3rd period - Snap shot by Kris Versteeg.
12:35 of 3rd period - Shot Misses the Net.
12:37 of 3rd period - Slapshot by Tomas Nosek.
12:37 of 3rd period - Shot Misses the Net.
12:39 of 3rd period - Slapshot by Kevin Shattenkirk.
12:39 of 3rd period - Stopped by Michael Houser with a rebound.
12:45 of 3rd period - Minor Penalty to Sidney Crosby for Interference.
12:46 of 3rd period - Tobias Rieder wins face-off versus Cody Eakin in Stars zone.
14:28 of 3rd period - Paul Ladue is hit by Kevin Shattenkirk and loses puck.
14:45 of 3rd period - Penalty to Sidney Crosby is over, Sidney Crosby is back on ice.
15:17 of 3rd period - Off-side.
15:18 of 3rd period - Tomas Nosek wins face-off versus Guillaume Latendresse in neutral zone.
15:47 of 3rd period - Wrist shot by Travis Zajac.
15:47 of 3rd period - Deflect By Henrik Borgstrom.
15:47 of 3rd period - Shot Blocked by Ben Chiarot.
15:47 of 3rd period - Puck is out of play.
15:48 of 3rd period - Cody Eakin wins face-off versus Evgeny Grachev in Stars zone.
15:51 of 3rd period - Snap shot by Johnny Gaudreau.
15:51 of 3rd period - Stopped by Michael Houser with a rebound.
15:53 of 3rd period - Snap shot by Noah Hanifin.
15:53 of 3rd period - Shot Misses the Net.
15:55 of 3rd period - Slapshot by Kevin Shattenkirk.
15:55 of 3rd period - Stopped by Michael Houser with a rebound.
16:21 of 3rd period - Slapshot by Henrik Borgstrom.
16:21 of 3rd period - Stopped by Michal Neuvirth with a rebound.
16:47 of 3rd period - Slapshot by Mike Richards.
16:47 of 3rd period - Shot Misses the Net.
16:49 of 3rd period - Slapshot by Noah Hanifin.
16:49 of 3rd period - Shot Blocked by Paul Ladue.
16:51 of 3rd period - Slapshot by Carter Verhaeghe.
16:51 of 3rd period - Shot Misses the Net.
16:53 of 3rd period - Slapshot by Mike Richards.
16:53 of 3rd period - Shot Misses the Net.
17:21 of 3rd period - Wrist shot by Marcus Kruger.
17:21 of 3rd period - Shot Misses the Net.
17:23 of 3rd period - Snap shot by Mike Richards.
17:23 of 3rd period - Shot Misses the Net.
17:27 of 3rd period - Snap shot by Marcus Kruger.
17:27 of 3rd period - Stopped by Michael Houser without a rebound.
17:28 of 3rd period - Tomas Nosek wins face-off versus Evgeny Grachev in Stars zone.
18:34 of 3rd period - Icing by Brian Lee.
18:35 of 3rd period - Evgeny Grachev wins face-off versus Tomas Nosek in Stars zone.
19:57 of 3rd period - Snap shot by Evgeny Grachev.
19:57 of 3rd period - Stopped by Michal Neuvirth without a rebound.
19:58 of 3rd period - Sidney Crosby wins face-off versus Tomas Nosek in Ducks zone.
Goals for this period are 1 for Stars vs 2 for Ducks.
Shots for this period are 11 for Stars vs 16 for Ducks.